| TOP OF THE 1ST |
|
Delmarva Shorebirds batting - Pitching for Greenville Drive : RHP Chris Cory
|
|
Pitching: RHP Chris Cory
|
|
|
Batting: LHB Eric Jackson
|
0-0: Foul Ball, location: 2F 0-1: Ball 1-1: Ground out U3 (Groundball, 3, EV 100.6 MPH)
|
|
Batting: LHB Tim Mulholland
|
0-0: Ball 1-0: Ball 2-0: Swinging Strike 2-1: Foul Ball, location: 2F 2-2: Ball 3-2: Ground out U3 (Groundball, 34, EV 92.5 MPH)
|
|
Batting: RHB Danny Merrill
|
0-0: Ball 1-0: Ball 2-0: Foul Ball, location: 2F 2-1: Called Strike 2-2: Ball 3-2: TRIPLE (Flyball, 8RXD, EV 100.6 MPH)
|
|
Batting: LHB Mike Sloan
|
0-0: Ball 1-0: Swinging Strike 1-1: Ground out 4-3 (Groundball, 4, EV 102.5 MPH)
|
| Top of the 1st over - 0 runs, 1 hit, 0 errors, 1 left on base; Delmarva 0 - Greenville 0 |
| BOTTOM OF THE 1ST |
|
Greenville Drive batting - Pitching for Delmarva Shorebirds : LHP Ace Ventura
|
|
Pitching: LHP Ace Ventura
|
|
|
Batting: RHB David Norum
|
0-0: Bunt missed! 0-1: Ball 1-1: Ball 2-1: Fly out, F3 (Line Drive, 34, EV 63.1 MPH)
|
|
Batting: RHB Larry Brocato
|
0-0: Ball 1-0: Called Strike 1-1: Fly out, F8 (Flyball, 89S, EV 88.1 MPH)
|
|
Batting: SHB Carter Cromsie
|
0-0: Ball 1-0: Foul Ball, location: 2F 1-1: Ball 2-1: SINGLE (Line Drive, 5L, EV 96.9 MPH)
|
|
Batting: RHB Mike Batko
|
0-0: Ball 1-0: Called Strike 1-1: Ball 2-1: Ball 3-1: Foul Ball, location: 2F 3-2: Ground out 6-3 (Groundball, 6, EV 96.2 MPH)
|
| Bottom of the 1st over - 0 runs, 1 hit, 0 errors, 1 left on base; Delmarva 0 - Greenville 0 |
| TOP OF THE 2ND |
|
Delmarva Shorebirds batting - Pitching for Greenville Drive : RHP Chris Cory
|
|
Batting: SHB Jorge Brito
|
0-0: SINGLE (Flyball, 8LS, EV 91.2 MPH)
|
|
Batting: LHB Justin Moore
|
0-0: Fielders Choice at 2nd, 4-6 (Groundball, 34D, EV 81.2 MPH)
|
|
Batting: RHB Francisco Viera
|
0-0: Called Strike 0-1: Swinging Strike 0-2: Ball 1-2: Strikes out swinging
|
|
Batting: LHB Bill Ostlund
|
0-0: Ball 1-0: Called Strike 1-1: Foul Ball, location: 2F 1-2: Strikes out swinging
|
| Top of the 2nd over - 0 runs, 1 hit, 0 errors, 1 left on base; Delmarva 0 - Greenville 0 |
| BOTTOM OF THE 2ND |
|
Greenville Drive batting - Pitching for Delmarva Shorebirds : LHP Ace Ventura
|
|
Batting: LHB Nelis Geurts
|
0-0: Ball 1-0: Swinging Strike 1-1: Ball 2-1: Swinging Strike 2-2: Strikes out looking
|
|
Batting: RHB Ted Emmerich
|
0-0: Called Strike 0-1: Ball 1-1: Foul Ball, location: 2F 1-2: Strikes out swinging
|
|
Batting: LHB John Criswell
|
0-0: Foul Ball, location: 2F 0-1: Called Strike 0-2: Ground out 4-3 (Groundball, 4D, EV 100.6 MPH)
|
| Bottom of the 2nd over - 0 runs, 0 hits, 0 errors, 0 left on base; Delmarva 0 - Greenville 0 |
| TOP OF THE 3RD |
|
Delmarva Shorebirds batting - Pitching for Greenville Drive : RHP Chris Cory
|
|
Batting: SHB Jared Boyce
|
0-0: Foul Ball, location: 2F 0-1: SINGLE (Groundball, 34D, EV 94.4 MPH)
|
|
Batting: LHB Eric Jackson
|
0-0: Ball 1-0: Swinging Strike 1-1: Swinging Strike 1-2: Fly out, F8 (Flyball, 8LD, EV 90.0 MPH)
|
|
Batting: LHB Tim Mulholland
|
0-0: Swinging Strike 0-1: Called Strike 0-2: Ball 1-2: Fielders Choice at 2nd, 4-6 (Groundball, 4, EV 106.2 MPH)
|
|
Batting: RHB Danny Merrill
|
0-0: Called Strike 0-1: Ball 1-1: Foul Ball, location: 2F 1-2: Ball 2-2: Foul Ball, location: 2F 2-2: SINGLE (Flyball, 34D, EV 86.2 MPH) Tim Mulholland to second Runner from 2nd tries for 3rd, OUT! 9-5
|
| Top of the 3rd over - 0 runs, 2 hits, 0 errors, 1 left on base; Delmarva 0 - Greenville 0 |
| BOTTOM OF THE 3RD |
|
Greenville Drive batting - Pitching for Delmarva Shorebirds : LHP Ace Ventura
|
|
Batting: RHB Josh Helman
|
0-0: Foul Ball, location: 2F 0-1: Ball 1-1: Foul Ball, location: 2F 1-2: Foul Ball, location: 2F 1-2: Foul Ball, location: 2F 1-2: Strikes out swinging
|
|
Batting: LHB Stanislav Parusov
|
0-0: Foul Ball, location: 2F 0-1: Foul Ball, location: 2F 0-2: Fly out, F9 (Flyball, 89M, EV 90.0 MPH)
|
|
Batting: RHB David Norum
|
0-0: Ball 1-0: Ball 2-0: Called Strike 2-1: Swinging Strike 2-2: Foul Ball, location: 2F 2-2: Strikes out swinging
|
| Bottom of the 3rd over - 0 runs, 0 hits, 0 errors, 0 left on base; Delmarva 0 - Greenville 0 |
| TOP OF THE 4TH |
|
Delmarva Shorebirds batting - Pitching for Greenville Drive : RHP Chris Cory
|
|
Batting: LHB Mike Sloan
|
0-0: Called Strike 0-1: Foul Ball, location: 2F 0-2: Ball 1-2: Foul Ball, location: 2F 1-2: Ball 2-2: SINGLE (Groundball, 4D, EV 101.9 MPH)
|
|
Batting: SHB Jorge Brito
|
0-0: Ball 1-0: Ball 2-0: Foul Ball, location: 2F 2-1: Ball 3-1: Foul Ball, location: 2F 3-2: Fielders Choice at 2nd, 4-6 (Groundball, 4, EV 101.9 MPH)
|
|
Batting: LHB Justin Moore
|
0-0: Ball 1-0: Foul Ball, location: 2F 1-1: Ball 2-1: Foul Ball, location: 2F 2-2: Strikes out swinging
|
|
Batting: RHB Francisco Viera
|
0-0: Ball 1-0: SINGLE (Groundball, 6MD, EV 104.4 MPH) Jorge Brito to second Runner from 2nd tries for 3rd, SAFE, no throw by CF
|
|
Batting: LHB Bill Ostlund
|
0-0: Ball 1-0: Called Strike Francisco Viera is caught stealing 2nd base 2-6
|
| Top of the 4th over - 0 runs, 2 hits, 0 errors, 1 left on base; Delmarva 0 - Greenville 0 |
| BOTTOM OF THE 4TH |
|
Greenville Drive batting - Pitching for Delmarva Shorebirds : LHP Ace Ventura
|
|
Batting: RHB Larry Brocato
|
0-0: Ball 1-0: Ball 2-0: SINGLE (Groundball, 56, EV 104.4 MPH)
|
|
Batting: SHB Carter Cromsie
|
0-0: Ball 1-0: Called Strike 1-1: Hit by Pitch Larry Brocato to second
|
|
Batting: RHB Mike Batko
|
0-0: Called Strike 0-1: Ball 1-1: Ball 2-1: 3-RUN HOME RUN (Flyball, 78XD, EV 105.0 MPH), Distance : 401 ft
|
|
Batting: LHB Nelis Geurts
|
0-0: Swinging Strike 0-1: Foul Ball, location: 2F 0-2: Ball 1-2: Strikes out swinging
|
|
Batting: RHB Ted Emmerich
|
0-0: Called Strike 0-1: Ball 1-1: Ball 2-1: SINGLE (Line Drive, 8LS, EV 109.4 MPH)
|
|
Batting: LHB John Criswell
|
0-0: Ball Wild Pitch! Ted Emmerich to second 1-0: Called Strike 1-1: Ball 2-1: Foul Ball, location: 2F 2-2: Ball 3-2: SINGLE (Line Drive, 8RS, EV 90.0 MPH) Ted Emmerich to third Runner from 3rd tries for Home, SAFE, throw by CF to home John Criswell to second
|
|
Batting: RHB Josh Helman
|
0-0: Called Strike 0-1: Fly out, F8 (Flyball, 8RD, EV 97.5 MPH)
|
|
Batting: LHB Stanislav Parusov
|
0-0: Foul Ball, location: 2F 0-1: Ball 1-1: 2-RUN HOME RUN (Flyball, 9D, EV 97.5 MPH), Distance : 402 ft
|
|
Pitching: LHP Vinny Duarte
|
|
|
Batting: RHB David Norum
|
0-0: Swinging Strike 0-1: Called Strike 0-2: Foul Ball, location: 2F 0-2: Ball 1-2: Ball 2-2: Ball 3-2: Strikes out swinging
|
| Bottom of the 4th over - 6 runs, 5 hits, 0 errors, 0 left on base; Delmarva 0 - Greenville 6 |
| TOP OF THE 5TH |
|
Delmarva Shorebirds batting - Pitching for Greenville Drive : RHP Chris Cory
|
|
Batting: LHB Bill Ostlund
|
0-0: Foul Ball, location: 2F 0-1: Ball 1-1: Ball 2-1: Ground out U3 (Groundball, 23, EV 93.8 MPH)
|
|
Batting: SHB Jared Boyce
|
0-0: Ball 1-0: Foul Ball, location: 2F 1-1: Ball 2-1: Ball 3-1: Foul Ball, location: 2F 3-2: Strikes out swinging
|
|
Batting: LHB Eric Jackson
|
0-0: Foul Ball, location: 2F 0-1: Ball 1-1: Hit by Pitch
|
|
Pinch Runner at 1st Rodolfo Montes:
|
|
|
Batting: LHB Tim Mulholland
|
0-0: Fielders Choice at 2nd, 6-4 (Groundball, 6, EV 87.5 MPH)
|
| Top of the 5th over - 0 runs, 0 hits, 0 errors, 1 left on base; Delmarva 0 - Greenville 6 |
| BOTTOM OF THE 5TH |
|
Greenville Drive batting - Pitching for Delmarva Shorebirds : LHP Vinny Duarte
|
|
Now in CF: Rodolfo Montes
|
|
|
Batting: RHB Larry Brocato
|
0-0: Swinging Strike 0-1: Ground out 4-3 (Groundball, 4, EV 91.9 MPH)
|
|
Batting: SHB Carter Cromsie
|
0-0: Called Strike 0-1: Ball 1-1: Foul Ball, location: 2F 1-2: Foul Ball, location: 2F 1-2: Ball 2-2: Foul Ball, location: 2F 2-2: SINGLE (Groundball, 56D, EV 101.2 MPH)
|
|
Batting: RHB Mike Batko
|
0-0: Swinging Strike 0-1: Swinging Strike 0-2: Strikes out looking
|
|
Batting: LHB Nelis Geurts
|
0-0: Ball 1-0: 2-RUN HOME RUN (Flyball, 7LD, EV 92.5 MPH), Distance : 336 ft
|
|
Batting: RHB Ted Emmerich
|
0-0: Called Strike 0-1: Ground out 4-3 (Groundball, 4D, EV 98.8 MPH)
|
| Bottom of the 5th over - 2 runs, 2 hits, 0 errors, 0 left on base; Delmarva 0 - Greenville 8 |
| TOP OF THE 6TH |
|
Delmarva Shorebirds batting - Pitching for Greenville Drive : RHP Chris Cory
|
|
Batting: RHB Danny Merrill
|
0-0: Called Strike 0-1: Ball 1-1: Ball 2-1: Foul Ball, location: 2F 2-2: Fly out, F8 (Flyball, 8LM, EV 96.2 MPH)
|
|
Batting: LHB Mike Sloan
|
0-0: Ground out 6-3 (Groundball, 4M, EV 83.1 MPH)
|
|
Batting: SHB Jorge Brito
|
0-0: Fly out, F9 (Flyball, 9S, EV 88.1 MPH)
|
| Top of the 6th over - 0 runs, 0 hits, 0 errors, 0 left on base; Delmarva 0 - Greenville 8 |
| BOTTOM OF THE 6TH |
|
Greenville Drive batting - Pitching for Delmarva Shorebirds : LHP Vinny Duarte
|
|
Batting: LHB John Criswell
|
0-0: Ball 1-0: Swinging Strike 1-1: Ball 2-1: Foul Ball, location: 2F 2-2: Ball 3-2: Foul Ball, location: 2F 3-2: Base on Balls
|
|
Batting: RHB Josh Helman
|
0-0: Foul Ball, location: 2F 0-1: Grounds into double play, 6-4-3 (Groundball, 6D, EV 101.9 MPH)
|
|
Batting: LHB Stanislav Parusov
|
0-0: DOUBLE (Groundball, 3L, EV 106.2 MPH)
|
|
Batting: RHB David Norum
|
0-0: Called Strike 0-1: Swinging Strike 0-2: Strikes out swinging
|
| Bottom of the 6th over - 0 runs, 1 hit, 0 errors, 1 left on base; Delmarva 0 - Greenville 8 |
| TOP OF THE 7TH |
|
Delmarva Shorebirds batting - Pitching for Greenville Drive : RHP Chris Cory
|
|
Batting: LHB Justin Moore
|
0-0: Called Strike 0-1: Ball 1-1: Foul Ball, location: 2F 1-2: Ball 2-2: Strikes out swinging
|
|
Pitching: RHP Gabe Torres
|
|
|
Batting: RHB Francisco Viera
|
0-0: Ball 1-0: Swinging Strike 1-1: Ball 2-1: Swinging Strike 2-2: Ball 3-2: Base on Balls
|
|
Pinch Hitting: RHB Kaleb Yerger
|
0-0: Ball 1-0: Swinging Strike 1-1: Ball 2-1: Foul Ball, location: 2F 2-2: Fly out, F8 (Flyball, 8RM, EV 91.2 MPH)
|
|
Batting: SHB Jared Boyce
|
0-0: Ball 1-0: Called Strike Francisco Viera steals 2nd base (no throw) 1-1: Foul Ball, location: 2F 1-2: Foul Ball, location: 2F 1-2: Ball 2-2: Foul Ball, location: 2F 2-2: Ball 3-2: Strikes out swinging
|
| Top of the 7th over - 0 runs, 0 hits, 0 errors, 1 left on base; Delmarva 0 - Greenville 8 |
| BOTTOM OF THE 7TH |
|
Greenville Drive batting - Pitching for Delmarva Shorebirds : LHP Vinny Duarte
|
|
Now in LF: Kaleb Yerger
|
|
|
Now in RF: Justin Moore
|
|
|
Batting: RHB Larry Brocato
|
0-0: Called Strike 0-1: Ground out 4-3 (Groundball, 4, EV 85.0 MPH)
|
|
Batting: SHB Carter Cromsie
|
0-0: Ball 1-0: Ball 2-0: Ball 3-0: Called Strike 3-1: Base on Balls
|
|
Pitching: RHP Shane Kruger
|
|
|
Batting: RHB Mike Batko
|
0-0: Called Strike 0-1: Foul Ball, location: 2F 0-2: Strikes out looking
|
|
Batting: LHB Nelis Geurts
|
0-0: Ball 1-0: Ground out 3-1 (Groundball, 34S, EV 84.4 MPH)
|
| Bottom of the 7th over - 0 runs, 0 hits, 0 errors, 1 left on base; Delmarva 0 - Greenville 8 |
| TOP OF THE 8TH |
|
Delmarva Shorebirds batting - Pitching for Greenville Drive : RHP Gabe Torres
|
|
Batting: LHB Rodolfo Montes
|
0-0: Ball 1-0: Ball 2-0: Called Strike 2-1: SINGLE (Groundball, 6D, EV 98.8 MPH)
|
|
Batting: LHB Tim Mulholland
|
0-0: Called Strike 0-1: Called Strike 0-2: Ball 1-2: Strikes out swinging
|
|
Batting: RHB Danny Merrill
|
0-0: Ball 1-0: Ball 2-0: Ball 3-0: Called Strike 3-1: Foul Ball, location: 2F 3-2: Foul Ball, location: 2F 3-2: Strikes out swinging Rodolfo Montes steals 2nd base (no throw) Batter strikes out.
|
|
Batting: LHB Mike Sloan
|
0-0: Ground out U3 (Groundball, 34S, EV 85.0 MPH)
|
| Top of the 8th over - 0 runs, 1 hit, 0 errors, 1 left on base; Delmarva 0 - Greenville 8 |
| BOTTOM OF THE 8TH |
|
Greenville Drive batting - Pitching for Delmarva Shorebirds : RHP Shane Kruger
|
|
Batting: RHB Ted Emmerich
|
0-0: Ball 1-0: Ball 2-0: SINGLE (Line Drive, 5D, EV 108.8 MPH)
|
|
Batting: LHB John Criswell
|
0-0: Ball 1-0: Ball 2-0: Ball 3-0: Called Strike 3-1: Foul Ball, location: 2F 3-2: Foul Ball, location: 2F 3-2: Base on Balls Ted Emmerich to second
|
|
Batting: RHB Josh Helman
|
0-0: Fly out, F7 (Line Drive, 7LM, EV 101.9 MPH)
|
|
Batting: LHB Stanislav Parusov
|
0-0: Called Strike 0-1: Foul Ball, location: 2F 0-2: Grounds into double play, 6-4-3 (Groundball, 6, EV 100.6 MPH)
|
| Bottom of the 8th over - 0 runs, 1 hit, 0 errors, 1 left on base; Delmarva 0 - Greenville 8 |
| TOP OF THE 9TH |
|
Delmarva Shorebirds batting - Pitching for Greenville Drive : RHP Gabe Torres
|
|
Batting: SHB Jorge Brito
|
0-0: Called Strike 0-1: Called Strike 0-2: Ball 1-2: Ball 2-2: Ball 3-2: Foul Ball, location: 2F 3-2: Foul Ball, location: 2F 3-2: Foul Ball, location: 2F 3-2: Strikes out swinging
|
|
Batting: LHB Justin Moore
|
0-0: Ball 1-0: Foul Ball, location: 2F 1-1: Reached on error, E1 (Groundball, 15S, EV 74.4 MPH)
|
|
Pitching: RHP Cale Morris
|
|
|
Batting: RHB Francisco Viera
|
0-0: Swinging Strike 0-1: Swinging Strike 0-2: Foul Ball, location: 2F 0-2: Foul Ball, location: 2F 0-2: Ball Passed Ball! Justin Moore to third 1-2: Ground out 4-3 (Groundball, 4, EV 80.0 MPH) Justin Moore scores
|
|
Pinch Hitting: LHB Tom Edwards
|
0-0: Fly out, F8 (Line Drive, 8RM, EV 91.9 MPH)
|
| Top of the 9th over - 1 run, 0 hits, 1 error, 0 left on base; Delmarva 1 - Greenville 8 |
|